 Dungeon Crawl Stone Soup version 0.29.1-2-gbd0b4ee654 (webtiles) character file.

Game seed: 4793239022894320676

218 croobank the Chiller (level 5, -4/41 HPs)
             Began as a Demigod Ice Elementalist on Nov 28, 2022.
             Slain by Grinder (6 damage)
             ... on level 4 of the Dungeon.
             The game lasted 00:12:43 (4410 turns).

croobank the Chiller (Demigod Ice Elementalist)     Turns: 4410, Time: 00:12:43

Health: -4/41      AC:  3    Str:  9    XL:     5   Next: 36%
Magic:  2/11       EV: 13    Int: 21    God:
Gold:   201        SH:  0    Dex: 14    Spells: 5/9 levels left

rFire   . . .      SeeInvis .   (no weapon)
rCold   . . .      Faith    .   (no shield)
rNeg    . . .      Spirit   .   a - +0 robe
rPois   .          Reflect  .   i - +0 helmet
rElec   .          Harm     .   (no cloak)
rCorr   .          Rampage  .   (no gloves)
Will    .....                   (no boots)
Stlth   ++........              (no amulet)
HPRegen 0.13/turn               (no ring)
MPRegen 0.12/turn               (no ring)

@: freezing walls
A: high MP 1, forlorn, divine attributes
a: no special abilities


You were on level 4 of the Dungeon.
You visited 1 branch of the dungeon, and saw 4 of its levels.

You collected 201 gold pieces.

Inventory:

Hand Weapons
 k - a +0 flail
Armour
 a - a +0 robe (worn)
 i - a +0 helmet (worn)
Jewellery
 n - a ring of magical power
Wands
 s - a wand of paralysis (4)
Scrolls
 d - a scroll of poison
 g - a scroll of summoning {unknown}
 j - a scroll of fog {unknown}
 l - a scroll of identify {unknown}
 m - a scroll of amnesia {unknown}
 q - a scroll of blinking {unknown}
Potions
 c - 2 potions of curing {unknown}
 e - a potion of experience {unknown}
 f - a potion of mutation {unknown}
 h - a potion of degeneration {unknown}
 o - a potion of might {unknown}
 p - 2 potions of flight {unknown}
 r - 2 potions of cancellation {unknown}
 t - a potion of attraction {unknown}


   Skills:
 + Level 1.7 Fighting
 + Level 2.9 Dodging
 + Level 3.0 Stealth
 + Level 2.7 Spellcasting
 + Level 4.3 Ice Magic


You had 5 spell levels left.
You knew the following spells:

 Your Spells              Type           Power      Damage    Failure   Level
a - Freeze                Ice            84%        1d10      2%          1
b - Frozen Ramparts       Ice            42%        1d7       7%          3

Your spell library contained the following spells:

 Spells                   Type           Power      Damage    Failure   Level
 Ozocubu's Armour         Ice            21%        N/A       7%          3
 Sandblast                Erth           4%         2d4       14%         1
 Summon Small Mammal      Summ           8%         N/A       14%         1
 Passwall                 Tmut/Erth      1%         N/A       21%         2
 Call Canine Familiar     Summ           2%         N/A       38%         3
 Stone Arrow              Conj/Erth      4%         3d7       38%         3
 Summon Guardian Golem    Hex/Summ       2%         N/A       38%         3
 Hailstorm                Conj/Ice       11%        3d5       50%         4


Dungeon Overview and Level Annotations

Branches:
Dungeon (4/15)
 Temple: D:4-7

Annotations:
D:4 Grinder


Innate Abilities, Weirdness & Mutations

You have an increased reservoir of magic. (+10% MP)
You shall have no god before yourself.
Your divine heritage dramatically boosts your attributes as you level up.


Message History

Press: ? - help, Shift-Dir - straight line, f - Grinder
Aim: Grinder (lightly wounded, paralysed)
You freeze Grinder but do no damage.
Grinder completely resists. x2
The wall freezes Grinder but does no damage.
Casting: Freeze (safe; 2% risk of failure)
Confirm with . or Enter, or press ? or * to list all spells.
Aiming: Freeze (safe; 2% risk of failure)
Press: ? - help, Shift-Dir - straight line, f/p - Grinder
Aim: Grinder (lightly wounded, paralysed)
You freeze Grinder.
Grinder resists.
Grinder is lightly wounded.
Grinder completely resists.
The wall freezes Grinder but does no damage.
Casting: Freeze (safe; 2% risk of failure)
Confirm with . or Enter, or press ? or * to list all spells.
Aiming: Freeze (safe; 2% risk of failure)
Press: ? - help, Shift-Dir - straight line, f/p - Grinder
Aim: Grinder (lightly wounded, paralysed)
You freeze Grinder.
Grinder resists.
Grinder is lightly wounded.
Grinder completely resists.
The wall freezes Grinder but does no damage.
Casting: Freeze (safe; 2% risk of failure)
Confirm with . or Enter, or press ? or * to list all spells.
Aiming: Freeze (safe; 2% risk of failure)
Press: ? - help, Shift-Dir - straight line, f/p - Grinder
Aim: Grinder (lightly wounded, paralysed)
You freeze Grinder but do no damage.
Grinder completely resists.
Grinder resists.
The wall freezes Grinder.
Casting: Freeze (safe; 2% risk of failure)
Confirm with . or Enter, or press ? or * to list all spells.
Aiming: Freeze (safe; 2% risk of failure)
Press: ? - help, Shift-Dir - straight line, f/p - Grinder
Aim: Grinder (lightly wounded, paralysed)
You freeze Grinder but do no damage.
Grinder completely resists.
Grinder is no longer paralysed.
Grinder resists.
The wall freezes Grinder.
Grinder hits you!
* * * LOW HITPOINT WARNING * * *
You writhe in agony.
You die...

#.#...####.........##..
#......†.'.........')..
#.#......#.........##..
#........##.......###.#
####.....###.....## #.#
#.....# ##...## #.#
###.### ##+## #.# #5#
#.# #@# ### #.#
###.##...5. #...†..5#
#.###...# #. ...... #
..... !.... .... $...


You could see Grinder.

Vanquished Creatures
  An iguana (D:4)
  6 adders
  6 gnolls
  2 worms
  3 dart slugs
  4 ball pythons
  7 bats
  8 endoplasms
  6 giant cockroaches
  7 goblins
  9 hobgoblins
  A kobold (D:1)
  3 quokkas
  A frilled lizard (D:3)
  4 rats
68 creatures vanquished.

Vanquished Creatures (others)
  3 fungi (D:2)
  5 plants (D:2)
8 creatures vanquished.

Grand Total: 76 creatures vanquished

Notes
Turn   | Place    | Note
-------+----------+-------------------------------------------
     0 | D:1      | croobank the Demigod Ice Elementalist began the quest for
                  | the Orb.
     0 | D:1      | Reached XP level 1. HP: 14/14 MP: 5/5
   343 | D:1      | Reached XP level 2. HP: 13/20 MP: 4/7
  1223 | D:1      | Reached XP level 3. HP: 22/27 MP: 3/8
  1682 | D:2      | You fall into a shaft and drop 2 floors!
  1713 | D:4      | Reached skill level 1 in Fighting
  1713 | D:4      | Reached skill level 4 in Ice Magic
  1879 | D:3      | Reached XP level 4. HP: 20/35 MP: 6/10
  2064 | D:3      | Learned a level 3 spell: Frozen Ramparts
  3694 | D:2      | Reached XP level 5. HP: 40/40 MP: 2/11
  4369 | D:4      | Noticed Grinder
  4388 | D:4      | Paralysed by Grinder for 4 turns
  4410 | D:4      | HP: 2/41 [Grinder (8)]
  4410 | D:4      | Slain by Grinder

Illustrated notes

Levels and vault maps discovered:
D:1:      dpeg_arrival_snail, layout_basic
D:2:      layout_basic, dreamdust_ecumenical_altar_grove, basic_altar,
          grunt_decor_one_mirror
D:3:      cheibrodos_helix_gallery, layout_basic, lemuel_round_altar,
          st_stairs_4
D:4:      layout_loops_corners, reono_crystal_passage, kennysheep_crisscross,
          hangedman_abyss_or_decor_passed, uniq_grinder

Skill      XL: |  1  2  3  4  5 |
---------------+----------------+-----
Dodging        | 2 |  2.9
Stealth        | 2 3 |  3.0
Spellcasting   | 2 |  2.7
Fighting       | 1 |  1.7
Ice Magic      | 4 |  4.3

Action                   |  1- 3 |  4- 6 || total
-------------------------+-------+-------++-------
Melee: Unarmed           |    11 |       ||    11
 Cast: Freeze            |    62 |    68 ||   130
       Frozen Ramparts   |       |    10 ||    10
Evoke: Wand              |       |     3 ||     3
  Use: Scroll            |     1 |       ||     1
       Potion            |       |     1 ||     1
 Stab: Sleeping          |     1 |       ||     1
Armor: Robe              |    11 |    11 ||    22
Dodge: Dodged            |    21 |    34 ||    55
